 Dungeon Crawl Stone Soup version 0.30.1-4-g462c640d31 (webtiles) character file.

Game seed: 8485413694554086621

2656654 tykejmi the Axe Maniac (level 27, 45/273 HPs)
             Began as a Minotaur Fighter on Aug 15, 2023.
             Was the Champion of the Shining One.
             Escaped with the Orb
             ... and 5 runes!
             The game lasted 02:52:35 (93854 turns).

tykejmi the Axe Maniac (Minotaur Fighter)          Turns: 93854, Time: 02:52:36

Health: 45/273     AC: 52    Str: 34      XL:     27
Magic:  7/39       EV: 18    Int:  9      God:    the Shining One [******]
Gold:   12970      SH:  0    Dex: 12 (13) Spells: 27/27 levels left

rFire   + . .        a - +9 executioner's axe (holy)
rCold   . . .        (shield currently unavailable)
rNeg    + + +        I - +8 orange crystal plate armour {Archmagi, Int+3 Clar}
rPois   +            n - +2 hat
rElec   +            j - +4 dragonskin cloak
rCorr   .            g - +1 pair of gloves of Inaction {rElec Int+3 SInv}
SInv    +            e - +0 pair of boots of Enaddyun {rF+}
Will    +++..        T - amulet of Haneafeu {Spirit rPois rN+ Dex+2 SInv} Stlth
                     k - ring "Gowkev" {rPois Will+ Str-2 Dex+7}
HPRegen 0.65/turn    S - ring of Umojex {rPois rN++ Str+4 Dex-5}
MPRegen 0.26/turn

%: clarity, guardian spirit, archmagi
@: mighty, glowing, studying Unarmed Combat
A: horns 2, retaliatory headbutt, clarity, clumsy 2, dopey 1, poison resistance,
electricity resistance, teleportitis 1, MP-powered wands, devolution 1
0: Orb of Zot
}: 5/15 runes: decaying, silver, bone, abyssal, gossamer
a: Renounce Religion, Divine Shield, Cleansing Flame, Summon Divine Warrior


You escaped.
You worshipped the Shining One.
The Shining One was exalted by your worship.
You visited 14 branches of the dungeon, and saw 60 of its levels.
You visited the Abyss 2 times.
You visited 1 bazaar.
You also visited: Sewer and Ossuary.

You collected 15388 gold pieces.
You spent 2418 gold pieces at shops.

Inventory:

Hand Weapons
 a - a +9 executioner's axe of holy wrath (weapon)
Missiles
 l - a throwing net (quivered)
Armour
 e - the +0 pair of boots of Enaddyun (worn) {rF+}
   (You found it on level 1 of the Elven Halls)

   rF:        It protects you from fire.
 g - the +1 pair of gloves of Inaction (worn) {rElec Int+3 SInv}
   (You bought it in a shop in a bazaar)

   Int:       It affects your intelligence (+3).
   rElec:     It insulates you from electricity.
   SInv:      It lets you see invisible.
 j - the +4 dragonskin cloak (worn)
   (You took it off Tiamat on level 4 of the Realm of Zot)

   Avatar's Aegis: It grants the wearer a chance to resist fire, cold, poison,
   electricity, acid, and negative energy.
 n - a +2 hat (worn)
 D - +8 gold dragon scales
 I - the +8 orange crystal plate armour (worn) {Archmagi, Int+3 Clar}
   (You acquired it on level 2 of the Vaults)

   Int:       It affects your intelligence (+3).
   Clar:      It protects you from confusion, rage, mesmerisation and fear.
 K - the +1 cloak of Starlight {*Dazzle EV+4 Stlth--}
   (You found it on level 3 of the Elven Halls)

   *Dazzle:   It may blind those who miss an attack against the wearer in melee
   combat.
   EV:        It affects your evasion (+4).
   Stlth:     It makes you much less stealthy.
 Z - a +0 pair of boots of flying
Jewellery
 b - a ring of protection from fire
 k - the ring "Gowkev" (left hand) {rPois Will+ Str-2 Dex+7}
   (You found it on level 3 of the Dungeon)

   [ring of poison resistance]

   Str:       It affects your strength (-2).
   Dex:       It affects your dexterity (+7).
   rPois:     It protects you from poison.
   Will:      It increases your willpower.
 F - the amulet "Nuad" {Reflect rN+ Int+4 SH+5}
   (You took it off Tiamat on level 4 of the Realm of Zot)

   [amulet of reflection]

   It reflects blocked missile attacks.
   Int:       It affects your intelligence (+4).
   rN:        It protects you from negative energy.
   SH:        It affects your SH (+5).
 G - a ring of resist corrosion
 S - the ring of Umojex (right hand) {rPois rN++ Str+4 Dex-5}
   (You acquired it on level 5 of the Lair of Beasts)

   [ring of poison resistance]

   Str:       It affects your strength (+4).
   Dex:       It affects your dexterity (-5).
   rPois:     It protects you from poison.
   rN:        It greatly protects you from negative energy.
 T - the amulet of Haneafeu (around neck) {Spirit rPois rN+ Dex+2 SInv}
   (You found it on level 3 of the Crypt)

   [amulet of guardian spirit]

   It causes incoming damage to be divided between your reserves of health and
   magic.
   Dex:       It affects your dexterity (+2).
   rPois:     It protects you from poison.
   rN:        It protects you from negative energy.
   SInv:      It lets you see invisible.
 U - a ring of willpower
 W - the ring "Jocomeh" {Str+3 Dex+6}
   (You found it on level 7 of Tartarus)

   [ring of dexterity]

   Str:       It affects your strength (+3).
   Dex:       It affects your dexterity (+6).
Wands
 c - a wand of iceblast (2)
 y - a wand of paralysis (74)
 z - a wand of flame (99)
 H - a wand of digging (23)
 P - a wand of quicksilver (37)
Scrolls
 i - 5 scrolls of fear
 o - 18 scrolls of teleportation
 q - 9 scrolls of amnesia
 t - 3 scrolls of blinking
 w - 9 scrolls of poison
 B - 2 scrolls of brand weapon
 C - 2 scrolls of silence
 J - 2 scrolls of enchant armour
 L - 9 scrolls of magic mapping
 M - 12 scrolls of fog
 O - 5 scrolls of enchant weapon
 V - 2 scrolls of summoning
Potions
 f - 6 potions of mutation
 h - a potion of heal wounds
 m - a potion of haste
 p - 31 potions of curing
 r - a potion of magic
 s - 9 potions of resistance
 v - 12 potions of lignification
 x - 10 potions of cancellation
 E - 6 potions of flight
 Q - 3 potions of brilliance
 R - 2 potions of invisibility
 X - 5 potions of ambrosia
Miscellaneous
 N - a phantom mirror


   Skills:
 O Level 27 Fighting
 + Level 1.1(1.2) Short Blades
 + Level 0.8(1.2) Long Blades
 O Level 27 Axes
 + Level 0.9 Staves
 + Level 0.3 Ranged Weapons
 + Level 0.6 Throwing
 O Level 27 Armour
 O Level 27 Dodging
 - Level 3.6 Shields
 + Level 1.8 Unarmed Combat
 + Level 0.5 Spellcasting
 + Level 0.4 Conjurations
 + Level 0.1 Hexes
 + Level 0.5 Summonings
 + Level 0.6 Necromancy
 + Level 0.4 Translocations
 + Level 0.7 Transmutations
 + Level 0.3 Fire Magic
 + Level 0.3 Ice Magic
 + Level 0.2 Air Magic
 + Level 1.1 Earth Magic
 + Level 0.8 Poison Magic
 O Level 27 Invocations
 + Level 4.8 Evocations


You had 27 spell levels left.
You didn't know any spells.
Your spell library contained the following spells:

 Spells                   Type           Power      Damage    Failure   Level
 Beastly Appendage        Tmut           4%         N/A       77%         1
 Sting                    Tmut/Pois      8%         1d3       77%         1
 Kiss of Death            Conj/Necr      4%         2d5       80%         1
 Summon Small Mammal      Summ           4%         N/A       80%         1
 Apportation              Tloc           2%         N/A       82%         1
 Foxfire                  Conj/Fire      4%         2x1d4     82%         1
 Freeze                   Ice            4%         1d3       83%         1
 Wereblood                Tmut           2%         N/A       88%         2
 Lesser Beckoning         Tloc           2%         N/A       91%         2
 Poisonous Vapours        Pois/Air       2%         N/A       91%         2
 Ensorcelled Hibernation  Hex/Ice        2%         N/A       93%         2
 Ignite Poison            Fire/Tmut/Pois 2%         N/A       98%         3
 Spider Form              Tmut/Pois      2%         N/A       98%         3
 Stone Arrow              Conj/Erth      4%         3d7       98%         3
 Call Canine Familiar     Summ           1%         N/A       99%         3
 Confusing Touch          Hex            0%         N/A       99%         3
 Dazzling Flash           Conj/Hex       2%         N/A       99%         3
 Frozen Ramparts          Ice            2%         1d1       99%         3
 Gell's Gravitas          Tloc           1%         N/A       99%         3
 Hailstorm                Conj/Ice       1%         3d3       99%         3
 Inner Flame              Hex/Fire       1%         N/A       99%         3
 Mephitic Cloud           Conj/Pois/Air  1%         N/A       99%         3
 Ozocubu's Armour         Ice            1%         N/A       99%         3
 Portal Projectile        Hex/Tloc       2%         N/A       99%         3
 Summon Guardian Golem    Hex/Summ       1%         N/A       99%         3
 Teleport Other           Tloc           1%         N/A       99%         3
 Tukima's Dance           Hex            0%         N/A       99%         3
 Vhi's Electric Charge    Tloc/Air       2%         N/A       99%         3
 Volatile Blastmotes      Fire/Tloc      2%         2d10      99%         3
 Anguish                  Hex/Necr       0%         N/A       100%        4
 Animate Armour           Summ/Erth      4%         N/A       100%        4
 Cause Fear               Hex            0%         N/A       100%        4
 Dispel Undead            Necr           2%         3d7       100%        4
 Ice Form                 Ice/Tmut       1%         N/A       100%        4
 Iskenderun's Mystic Bla  Conj/Tloc      1%         2d3       100%        4
 Summon Ice Beast         Ice/Summ       1%         N/A       100%        4
 Alistair's Intoxication  Tmut/Pois      1%         N/A       100%        5
 Arcjolt                  Conj/Air       0%         1d10      100%        5
 Blade Hands              Tmut           1%         N/A       100%        5
 Fireball                 Conj/Fire      0%         3d3       100%        5
 Freezing Cloud           Conj/Ice/Air   0%         6-21      100%        5
 Irradiate                Conj/Tmut      0%         3d11      100%        5
 Lee's Rapid Deconstruct  Erth           1%         3d4*      100%        5
 Summon Forest            Summ/Tloc      0%         N/A       100%        5
 Summon Mana Viper        Hex/Summ       1%         N/A       100%        5
 Yara's Violent Unravell  Hex/Tmut       0%         3d3       100%        5
 Dispersal                Tloc           0%         N/A       100%        6
 Plasma Beam              Fire/Air       0%         2x1d11    100%        6
 Simulacrum               Ice/Necr       0%         N/A       100%        6
 Starburst                Conj/Fire      0%         6d3       100%        6
 Summon Cactus Giant      Summ           0%         N/A       100%        6
 Dragon Form              Tmut           1%         N/A       100%        7
 Enfeeble                 Hex            0%         N/A       100%        7
 Ozocubu's Refrigeration  Ice            0%         4d7       100%        7
 Disjunction              Tloc           0%         N/A       100%        8
 Lehudib's Crystal Spear  Conj/Erth      1%         10d2      100%        8
 Necromutation            Tmut/Necr      1%         N/A       100%        8
 Polar Vortex             Ice            0%         N/A       100%        9


Dungeon Overview and Level Annotations

Branches:
Dungeon (15/15)            Temple (1/1) D:7            Lair (5/5) D:11
  Swamp (4/4) Lair:3       Spider (4/4) Lair:2        Slime (0/5) Lair:4
    Orc (2/2) D:11            Elf (3/3) Orc:2        Vaults (5/5) D:14
  Crypt (3/3) Vaults:3       Tomb (1/3) Crypt:3      Depths (4/4) D:15
   Hell (visited)             Dis (0/7) Hell            Geh (0/7) Hell
    Coc (0/7) Hell            Tar (7/7) Hell            Zot (5/5) Depths:4
  Sewer (visited)         Ossuary (visited)

Altars:
Ashenzari
Cheibriados
Dithmenos
Elyvilon
Fedhas
Gozag
Hepliaklqana
Kikubaaqudgha
Makhleb
Nemelex Xobeh
Okawaru
Qazlal
Ru
Sif Muna
Trog
Uskayaw
Vehumet
Wu Jian
Xom
Yredelemnul
Zin
The Shining One
Jiyva

Shops:
D:6 *   D:8 ?   D:14 (   Orc:2 =[!?   Elf:1 :   Elf:2 (   Vaults:2 *=[*?
Vaults:4 *   Depths:1 *

Portals:
Hell: Depths:1 Depths:2 Depths:3 Depths:4
Abyss: Depths:1 Depths:3
Pandemonium: Depths:2
Ziggurat: Depths:3

Annotations:
Elf:2 3 runed translucent doors


Innate Abilities, Weirdness & Mutations

You have a pair of horns on your head.
You reflexively headbutt those who attack you in melee.
You possess an exceptional clarity of mind.
You are very clumsy. (Dex -4)
You are dopey. (Int -2)
Your system is resistant to poisons. (rPois)
You are resistant to electric shocks. (rElec)
You are occasionally teleported next to monsters.
You expend magic power (3 MP) to strengthen your wands.
You have hidden genetic defects.


Message History

A bolt of lightning appears from out of thin air!
The bolt of lightning hits Guhar.
Guhar resists.
You completely miss Guhar. Your headbutt misses Guhar.
Guhar is almost dead.
Guhar headbutts you!
You barely miss Guhar. Your headbutt misses Guhar.
Guhar is almost dead.
Guhar gestures.
Lightning arcs from Guhar's claws!
The bolt of lightning hits you!!! You resist.
A bolt of lightning appears from out of thin air!
The bolt of lightning hits Guhar!
Guhar resists.
You completely miss Guhar. Your headbutt misses Guhar.
Guhar is almost dead.
You miss Guhar. Your headbutt misses Guhar.
Guhar is almost dead.
Guhar gestures.
Lightning arcs from Guhar's claws!
The bolt of lightning hits you!!! You resist.
* * * LOW HITPOINT WARNING * * *
A bolt of lightning appears from out of thin air!
The bolt of lightning hits Guhar.
Unknown command.
Okay, then.
Okay, then.
Okay, then.
Blink to where?
Press: ? - help, Dir - move target An Orb Guardian comes into view.
As you read the scroll of blinking, it crumbles to dust.
The Orb Guardian barely misses you. You furiously retaliate!
You headbutt the Orb Guardian!
The Orb Guardian hits you but does no damage.
Blink to where?
Press: ? - help, Dir - move target
As you read the scroll of blinking, it crumbles to dust.
The Orb Guardian hits you but does no damage.
You can't go down here!
The Orb Guardian hits you but does no damage. x2
You have escaped!

#########.....#####..............
###.................##.....#####.
....#####..................## ##.
##### #..##..♣♣♣♣♣.....#...###..
## #.##.♣.♣♣♣♣♣..........##.. .##
#.⌠.♣♣♣.∩∩∩♣.♣♣.>........# ..##
#.[.♣♣∩.....∩♣♣.........##
#..#####..♣♣∩..♣♣♣..∩♣♣........#
##....##..♣♣∩...@X..∩♣♣......#.#
####.....♣♣∩..♣♣♣&.∩♣♣.#...##.#
###....♣♣∩.....∩♣♣....##...#
#..>.♣♣♣♣∩&∩♣♣♣♣)>####.###
#..##.♣♣♣♣.♣♣♣♣.######.#
#..###..♣♣.♣♣...###....#
##.####.......#.....#######
###### #...###..........###......
.....# #.#.##.....###.#..........


You could see Guhar and an Orb Guardian.

Vanquished Creatures
  Ereshkigal (Tar:7)
  Tiamat (Zot:4)
  4 dread liches
  4 ancient liches
  2 orbs of fire (Zot:5)
  A juggernaut (Depths:3)
  A shard shrike (Zot:1)
  3 royal mummies (Tomb:1)
  Frederick (Vaults:2)
  Bai Suzhen (Spider:3)
  Margery (Vaults:2)
  the Lernaean hydra (Swamp:4)
  4 Killer Klowns (Zot:5)
  6 caustic shrikes
  Saint Roka (Vaults:3)
  Geryon (Hell)
  6 curse toes
  5 golden dragons
  20 profane servitors
  17 Tzitzimimeh
  4 electric golems
  14 bone dragons
  7 doom hounds
  A Brimstone Fiend (Zot:4)
  4 spectral shard shrikes
  A hellephant (Zot:1)
  The ghost of shamsi the Executioner, an adept HOBe of Trog (Swamp:3)
  22 tainted leviathans
  16 tentacled monstrosities
  28 Orb Guardians
  A walking earthen tome (Depths:3)
  An Ice Fiend (Zot:2)
  2 liches
  Jorgrun (D:14)
  Asterion (Depths:2)
  2 deep elf blademasters
  A walking divine tome (Depths:3)
  A deep elf master archer (Elf:3)
  2 acid blobs (Elf:3)
  3 titans
  7 quicksilver dragons
  The ghost of Peloso the Peltast, an adept MiFi of Okawaru (Elf:3)
  A walking frostbound tome (Depths:3)
  2 Executioners
  12 death cobs
  10 sphinxes
  10 ancient champions
  7 tentacled starspawn
  6 shadow dragons
  11 tengu reavers
  A thorn hunter (Swamp:3)
  Kirke (Elf:1)
  14 storm dragons
  5 revenants
  8 draconian monks
  A daeva (Depths:1)
  A rockslime (Elf:3)
  4 fire giants
  14 frost giants
  7 emperor scorpions
  9 deep elf sorcerers
  2 draconian knights
  13 vault wardens
  9 draconian scorchers
  4 curse skulls
  8 ghost moths
  A juggernaut zombie (Depths:1)
  2 spectral juggernauts (Tar:4)
  3 balrugs
  2 deep elf elementalists (Elf:3)
  8 ghouls
  4 draconian shifters
  4 spectral caustic shrikes
  2 orc warlords
  24 ironbound preservers
  3 spriggan defenders
  A caustic shrike skeleton (Crypt:1)
  A cacodemon (Abyss:3)
  5 draconian stormcallers
  11 reapers
  3 draconian annihilators
  A quicksilver ooze (Elf:3)
  34 very ugly things
  2 broodmothers
  A war gargoyle (Hell)
  4 ironbound thunderhulks
  12 stone giants
  6 black draconians
  2 elemental wellsprings (Hell)
  A wendigo (Hell)
  A juggernaut skeleton (Crypt:1)
  24 putrid mouths
  3 vampire knights
  8 yellow draconians
  4 deep elf demonologists
  3 eleionomae
  The ghost of Plommelars the Warrior, a journeyman MiFi of the Shining One (D:10)
  15 green draconians
  4 bunyips
  12 dire elephants
  8 purple draconians
  The ghost of kalagan the Thaumaturge, a journeyman DECj of Sif Muna (Elf:1)
  6 deep elf annihilators
  A blizzard demon (Depths:2)
  12 spark wasps
  11 red draconians
  10 white draconians
  3 green deaths
  5 eidola
  13 ettins
  7 iron golems
  10 deep elf death magi
  9 jiangshi
  8 mummy priests (Tomb:1)
  8 yaktaur captains
  3 deep elf high priests
  Josephine (D:15)
  A quicksilver dragon zombie (Crypt:1)
  12 fire dragons
  4 great orbs of eyes
  A shambling mangrove (Swamp:4)
  4 spectral spriggans
  9 entropy weavers
  Erolcha (Orc:2)
  3 spectral krakens (Tar:7)
  2 peacekeepers (Vaults:3)
  2 hell beasts
  16 hydras
  14 ice dragons
  The ghost of ripuliukko the Thaumaturge, a journeyman DEEE of Vehumet (D:9)
  33 vault guards
  4 rakshasas
  5 jorogumos
  A spectral shadow dragon (Tar:1)
  4 ogre magi
  6 death knights
  4 ironbound frosthearts
  8 centaur warriors
  9 two-headed ogres
  The ghost of Zossemef the Thaumaturge, a journeyman DECj of Sif Muna (Lair:4)
  A quicksilver dragon skeleton (Crypt:1)
  22 alligators
  A catoblepas (Lair:5)
  7 death yaks
  3 radroaches
  4 spriggan air magi
  A fenstrider witch skeleton (Crypt:1)
  8 deep troll shamans
  4 boulder beetles
  8 death scarabs (Spider:4)
  12 dancing weapons
  5 tengu warriors
  A bennu skeleton (Crypt:3)
  Urug (Lair:4)
  7 vampire magi
  6 deep troll earth magi
  A spriggan berserker (Depths:4)
  2 spectral dire elephants
  12 hell knights
  7 hell hogs
  A spectral naga (Tar:2)
  Nergalle (Lair:1)
  2 storm dragon zombies (Hell)
  9 thrashing horrors
  A spectral emperor scorpion (Spider:4)
  7 deep elf knights
  19 sun demons
  6 soul eaters
  A titan skeleton (Crypt:1)
  An emperor scorpion zombie (Crypt:3)
  2 shadow wraiths
  8 iron trolls
  44 skeletal warriors
  6 spatial maelstroms (Abyss:3)
  A golden dragon zombie (Hell)
  2 storm dragon skeletons (Crypt:1)
  A death drake (Swamp:3)
  A sun moth (Spider:4)
  3 pharaoh ants
  7 flayed ghosts
  A shadow demon (D:1)
  A death drake (shapeshifter) (Vaults:5)
  A deep troll (shapeshifter) (Vaults:5)
  2 sixfirhies (Abyss:3)
  A spectral iron dragon (Tar:4)
  8 deep elf archers
  53 deep trolls
  2 spectral hydras
  A fenstrider witch simulacrum (Hell)
  5 orb spiders
  2 spectral anacondas
  8 wizards
  A spectral wolf spider (Spider:4)
  7 glowing orange brains
  3 spriggan simulacra
  12 bog bodies
  3 spriggan druids (Swamp:3)
  2 obsidian statues
  6 steelbarb worms
  6 orc knights
  An iron giant skeleton (Crypt:3)
  13 swamp dragons
  15 ironbound convokers
  13 lindwurms
  4 harpies (Vaults:5)
  A shadow dragon zombie (Crypt:1)
  2 spectral jorogumos (Spider:4)
  A goliath frog zombie (Crypt:3)
  19 deep elf zephyrmancers
  26 deep elf pyromancers
  2 bunyip skeletons (Crypt:1)
  3 anaconda skeletons
  27 wolf spiders
  4 oklob plants (Lair:3)
  12 phantasmal warriors
  A stone giant zombie (Hell)
  11 orc sorcerers
  47 ugly things
  13 necromancers
  4 will-o-the-wisps
  A worldbinder (Abyss:3)
  A fire giant zombie (Hell)
  A frost giant zombie (Hell)
  A wolf spider (shapeshifter) (Depths:1)
  7 manticores
  2 iron dragon zombies (Hell)
  3 spectral centaurs
  8 cyclopes
  16 moths of wrath
  A toenail golem (Depths:1)
  23 elephants
  An iron dragon skeleton (Crypt:3)
  4 molten gargoyles
  22 slime creatures
  12 apocalypse crabs
  A titan simulacrum (Crypt:1)
  A moth of wrath (shapeshifter) (Abyss:3)
  A dire elephant zombie (Crypt:1)
  4 torpor snails
  2 guardian serpents (shapeshifter)
  2 stone giant skeletons
  5 rust devils
  12 vault sentinels
  An ice statue (D:10)
  A naga skeleton (Crypt:1)
  11 smoke demons
  3 gargoyles
  9 black mambas
  4 orange demons
  6 cane toads
  A shock serpent skeleton (Crypt:2)
  8 demonic crawlers
  6 hellions
  13 spectral swamp worms (Tar:7)
  A minotaur zombie (Hell)
  An unseen horror zombie (Crypt:3)
  3 komodo dragons
  3 dire elephant skeletons
  2 kobold demonologists
  An ice devil (Zot:4)
  28 yaktaurs
  4 centaur skeletons
  3 ancient zymes
  3 rime drakes
  11 tormentors
  4 tengu conjurers
  An anaconda simulacrum (Hell)
  Psyche (D:12)
  2 efreet
  4 red devils
  A red draconian skeleton (Crypt:3)
  2 harpy zombies
  A merfolk (shapeshifter) (Depths:4)
  2 silent spectres
  6 freezing wraiths
  2 polar bears (Lair:5)
  9 trolls
  3 spectral harpies
  13 guardian mummies
  5 tyrant leeches
  11 hornets
  5 hellwings
  2 bloated husks
  5 spectral tarantellas (Spider:4)
  13 large abominations
  A sphinx simulacrum (Depths:1)
  An ettin zombie (Crypt:2)
  A spectral culicivora (Spider:4)
  A spectral jumping spider (Spider:4)
  3 culicivora zombies
  6 harpy skeletons (Crypt:1)
  6 raiju (Abyss:3)
  21 tarantellas
  31 blink frogs
  3 spriggan zombies
  A blink frog (shapeshifter) (D:13)
  4 dream sheep
  A fire giant simulacrum (Vaults:1)
  3 tarantella zombies (Spider:4)
  27 jumping spiders
  An ice dragon skeleton (Crypt:1)
  2 ettin skeletons
  12 spriggans
  6 spriggan skeletons
  2 vampires
  24 culicivoras
  13 air elementals
  8 ynoxinuls
  33 flying skulls
  14 water elementals
  2 wyverns
  32 starcursed masses (Abyss:3)
  38 yaks
  12 small abominations
  A basilisk (Lair:4)
  9 fire elementals
  20 wraiths
  2 ushabtiu (Tomb:1)
  A black mamba skeleton (Crypt:1)
  A dire elephant simulacrum (Hell)
  6 hogs (Elf:1)
  A hog (shapeshifter) (D:13)
  Grum (D:10)
  8 chaos spawn
  A human (shapeshifter) (D:14)
  2 redbacks (shapeshifter)
  15 humans (D:14)
  46 redbacks
  4 neqoxecs
  20 vampire mosquitoes
  A yaktaur simulacrum (Vaults:2)
  12 wargs
  A spatial vortex (Abyss:3)
  A warg (shapeshifter) (Depths:4)
  A harpy simulacrum (Hell)
  16 swamp worms
  5 acid dragons
  11 water moccasins
  A floating eye (Elf:3)
  2 hell hounds
  2 hydra simulacra (Zot:1)
  38 orc warriors
  A tengu zombie (Hell)
  A two-headed ogre skeleton (Crypt:2)
  8 swamp drakes
  2 black bears
  A hornet zombie (Crypt:3)
  A snapping turtle zombie (Crypt:2)
  A sky beast (D:7)
  An ettin simulacrum (Depths:1)
  7 boggarts
  16 ogres
  14 wolves
  20 centaurs
  A blink frog skeleton (Crypt:1)
  A swamp dragon skeleton (Crypt:1)
  2 phantoms
  6 elf zombies
  4 kobold brigands
  9 bullfrogs
  33 scorpions
  6 necrophages
  4 earth elementals (Elf:3)
  A water moccasin zombie (D:4)
  12 wights
  23 killer bees
  A shapeshifter skeleton (Crypt:2)
  3 electric eels
  2 wolf zombies (Crypt:1)
  3 howler monkeys (D:12)
  A bullfrog zombie (Crypt:2)
  A wolf skeleton (Crypt:3)
  5 centaur zombies (Ossuary)
  4 human zombies
  3 quasits (Abyss:3)
  2 jellies
  24 orc priests
  5 hounds
  An iron imp (Abyss:3)
  A gnoll bouda (D:6)
  5 iguanas
  4 hell rats (Hell)
  38 orc wizards
  An ogre skeleton (Crypt:1)
  2 tengu skeletons
  A hound zombie (D:4)
  16 mummies
  10 gnolls
  A river rat (D:4)
  19 adders
  A shadow imp (D:5)
  7 white imps
  4 ufetubi
  3 worms
  2 dart slugs
  92 orcs
  12 ball pythons
  7 bats
  11 endoplasms
  15 giant cockroaches
  6 goblins
  7 hobgoblins
  8 jackals
  8 quokkas
  11 frilled lizards
  A gnoll skeleton (Crypt:2)
  15 kobolds
  A quokka zombie (D:4)
  7 rats
  A butterfly (Lair:3)
  A lurking horror (Abyss:3)
  A spectral weapon (Spider:3)
  6 starspawn tentacles
  8 tentacles (Tar:7)
2862 creatures vanquished.

Vanquished Creatures (collateral kills)
  2 golden dragons
  Nikola (Spider:3)
  A profane servitor (Tar:7)
  A Tzitzimitl (Tar:7)
  A rockslime (Elf:3)
  A vault warden (Vaults:3)
  A draconian scorcher (Zot:2)
  A ghoul (Crypt:2)
  2 draconian annihilators (Zot:2)
  2 putrid mouths (Tar:7)
  A dire elephant (Vaults:3)
  An eidolon (Crypt:2)
  A death knight (Crypt:2)
  2 hell hogs (Hell)
  A skeletal warrior (Tomb:1)
  A demonic crawler (Spider:3)
  A yaktaur (Vaults:3)
  A hellion (Hell)
  2 jumping spiders (Spider:3)
  2 culicivoras (Spider:3)
  A redback (Spider:3)
  A hell hound (Hell)
  An orc warrior (Vaults:3)
  A necrophage (Crypt:2)
  A spectral weapon (Spider:3)
31 creatures vanquished.

Vanquished Creatures (others)
  2 draconian shifters (Zot:2)
  A yellow draconian (Zot:5)
  A bunyip (Swamp:1)
  A red draconian (Zot:5)
  An alligator (Swamp:2)
  A glowing orange brain (D:1)
  2 deep elf zephyrmancers
  A bloated husk (Swamp:2)
  A centaur simulacrum (Hell)
  A basilisk (D:13)
  An acid dragon (Zot:4)
  A hell hound (Hell)
  An orc (Orc:2)
  18 foxfires
  8 starspawn tentacles (Abyss:3)
  24 tentacles (Tar:7)
65 creatures vanquished.

Grand Total: 2958 creatures vanquished

Notes
Turn   | Place    | Note
-------+----------+-------------------------------------------
     0 | D:1      | tykejmi the Minotaur Fighter began the quest for the Orb.
     0 | D:1      | Reached XP level 1. HP: 19/19 MP: 0/0
    30 | D:1      | Reached XP level 2. HP: 15/27 MP: 1/1
   164 | D:1      | You fall into a shaft and drop 1 floor!
   293 | D:2      | Identified the +1 ring mail of Glamorous Knowledge
                  | {*Corrode +Inv Int+6 Stlth+}
   312 | D:1      | Reached XP level 3. HP: 33/33 MP: 2/2
   374 | D:1      | Reached skill level 1 in Dodging
  1145 | D:2      | Reached XP level 4. HP: 38/41 MP: 3/3
  1208 | D:2      | Reached skill level 1 in Invocations
  1421 | D:2      | Reached XP level 5. HP: 47/47 MP: 4/4
  1608 | D:3      | Identified the ring "Gowkev" {rPois Will+ Str-2 Dex+7}
  1921 | D:3      | Found a faded altar of an unknown god.
  2540 | D:4      | Noticed an ogre
  2544 | D:4      | Killed an ogre
  2545 | D:4      | Reached skill level 5 in Armour
  2545 | D:4      | Reached XP level 6. HP: 53/53 MP: 6/6
  2598 | D:4      | Reached skill level 5 in Axes
  2644 | D:4      | Found a blossoming altar of Fedhas.
  2731 | D:4      | Found a shimmering altar of Xom.
  3023 | D:4      | Found a glowing drain.
  3031 | Sewer    | Entered a sewer
  3281 | Sewer    | Reached skill level 5 in Fighting
  3432 | Sewer    | Reached XP level 7. HP: 42/61 MP: 7/7
  3880 | D:5      | Entered Level 5 of the Dungeon
  4006 | D:5      | Reached XP level 8. HP: 50/70 MP: 6/9
  5109 | D:6      | Found Hiwn's General Store.
  5117 | D:6      | Reached XP level 9. HP: 79/79 MP: 10/10
  5929 | D:7      | Reached skill level 10 in Axes
  5985 | D:7      | Found a hide-covered altar of Uskayaw.
  6154 | D:7      | Found a hazy altar of Hepliaklqana.
  6250 | D:7      | Found a staircase to the Ecumenical Temple.
  6274 | D:7      | Found an ornate altar of the Wu Jian Council.
  6305 | Temple   | Entered the Ecumenical Temple
  6305 | Temple   | Found a transporter.
  6305 | Temple   | Found a transporter.
  6307 | Temple   | Found a transporter.
  6307 | Temple   | Found a transporter.
  6343 | Temple   | Became a worshipper of the Shining One
  6925 | D:8      | Found a sand-covered staircase.
  6933 | Ossuary  | Entered an ossuary
  6976 | Ossuary  | Reached * piety under the Shining One
  7022 | Ossuary  | Reached ** piety under the Shining One
  7032 | Ossuary  | Reached XP level 10. HP: 88/88 MP: 10/12
  7111 | D:8      | Found the +7 staff of the Meek {protect, meekguard}
  7350 | D:8      | Found Gaesomul's Magic Scroll Boutique.
  7364 | D:8      | Reached skill level 5 in Dodging
  7413 | D:8      | Identified 2 scrolls of acquirement
  7413 | D:8      | Acquired a +2 hat
  7422 | D:8      | Acquired a +8 executioner's axe of freezing
  8550 | D:9      | Reached skill level 5 in Invocations
  8897 | D:9      | Found a runed translucent gate.
  8897 | D:9      | Found a runed translucent gate.
  8897 | D:9      | Found a runed translucent gate.
  8905 | D:9      | Noticed ripuliukko's ghost (journeyman DEEE)
  9227 | D:9      | Identified the +1 robe "Lenyes" {rF+}
  9460 | D:9      | Killed ripuliukko's ghost
  9460 | D:9      | Reached *** piety under the Shining One
  9461 | D:9      | Reached XP level 11. HP: 95/97 MP: 12/14
  9483 | D:9      | Identified the +0 hat "Fuc Jidi" {SInv}
  9536 | D:10     | Entered Level 10 of the Dungeon
  9600 | D:10     | Noticed a two-headed ogre
  9606 | D:10     | Killed a two-headed ogre
 10145 | D:10     | Noticed Grum
 10150 | D:10     | Killed Grum
 10166 | D:10     | Noticed a white ugly thing
 10171 | D:10     | Noticed a cyan ugly thing
 10176 | D:10     | Noticed Plommelars's ghost (journeyman MiFi)
 10330 | D:10     | Found a transporter.
 10342 | D:10     | Found a transporter.
 10768 | D:11     | Found a staircase to the Lair.
 10889 | D:11     | Reached skill level 15 in Axes
 11109 | D:11     | Found a staircase to the Orcish Mines.
 11145 | D:11     | Noticed a two-headed ogre
 11149 | D:11     | Killed a two-headed ogre
 11257 | D:11     | Noticed a boulder beetle
 11258 | D:11     | Reached skill level 10 in Fighting
 11265 | D:11     | Killed a boulder beetle
 11358 | D:11     | Noticed a boulder beetle
 11370 | D:11     | Killed a boulder beetle
 11384 | D:11     | Noticed a two-headed ogre
 11389 | D:11     | Killed a two-headed ogre
 11390 | D:11     | Reached XP level 12. HP: 73/107 MP: 11/15
 11392 | D:11     | Reached **** piety under the Shining One
 11527 | D:11     | Noticed a two-headed ogre
 11535 | D:11     | Killed a two-headed ogre
 11536 | D:11     | Reached skill level 10 in Armour
 11645 | D:11     | Noticed a two-headed ogre
 11647 | D:11     | Killed a two-headed ogre
 12401 | D:12     | Noticed an eight-headed hydra
 12408 | D:12     | Killed an 11-headed hydra
 12506 | D:12     | Identified the +11 quarterstaff of Geowakisu {spect, Dex+3}
 13127 | D:12     | Noticed Psyche
 13129 | D:12     | Killed Psyche
 13211 | D:13     | Noticed a two-headed ogre
 13215 | D:13     | Killed a two-headed ogre
 13370 | D:13     | Reached ***** piety under the Shining One
 13372 | D:13     | Noticed a centaur warrior
 13374 | D:13     | Killed a centaur warrior
 13377 | D:13     | Reached XP level 13. HP: 108/116 MP: 15/17
 14128 | D:13     | Found a hide-covered altar of Uskayaw.
 14364 | D:14     | Found Qemodghich's Weapon Shoppe.
 14709 | D:14     | Noticed Jorgrun
 14737 | D:14     | Killed Jorgrun
 14931 | D:14     | Found a shimmering blue altar of Sif Muna.
 15438 | D:14     | Found a gate to the Vaults.
 15449 | D:14     | Reached XP level 14. HP: 127/127 MP: 16/18
 15959 | Orc:1    | Entered Level 1 of the Orcish Mines
 15959 | Orc:1    | Found a shimmering altar of Xom.
 15964 | Orc:1    | Noticed an orc warlord
 16110 | D:11     | Killed an orc warlord
 16642 | Orc:2    | Entered Level 2 of the Orcish Mines
 16865 | Orc:2    | Found a staircase to the Elven Halls.
 17080 | Orc:2    | Found Hafozut's Jewellery Emporium.
 17104 | Orc:2    | Found an ancient bone altar of Kikubaaqudgha.
 17113 | Orc:2    | Reached ****** piety under the Shining One
 17120 | Orc:2    | Found Muvink's Distillery.
 17134 | Orc:2    | Noticed Erolcha
 17139 | Orc:2    | Found a radiant altar of Vehumet.
 17146 | Orc:2    | Killed Erolcha
 17328 | Orc:2    | Found Zyolopno's Antique Armour Shoppe.
 17529 | Orc:2    | Found Dawude's Magic Scroll Emporium.
 17561 | Orc:2    | Identified a +9 executioner's axe of holy wrath (a +8
                  | executioner's axe of freezing blessed by the Shining One)
 17561 | Orc:2    | Received a gift from the Shining One
 18060 | Lair:1   | Entered Level 1 of the Lair of Beasts
 18728 | Lair:1   | You fall into a shaft and drop 1 floor!
 18804 | Lair:1   | Noticed Nergalle
 18813 | Lair:1   | Killed Nergalle
 19671 | Lair:2   | Found a hole to the Spider Nest.
 20827 | Lair:3   | Found a staircase to the Swamp.
 21225 | Lair:3   | Identified the staff of conjuration "Dusuh" {Fragile Str+5
                  | Stlth+}
 21288 | Lair:3   | Reached XP level 15. HP: 138/138 MP: 20/20
 21544 | Lair:4   | Noticed Urug
 21552 | Lair:4   | Killed Urug
 21797 | Lair:4   | Found a transporter.
 21798 | Lair:4   | Noticed Zossemef's ghost (journeyman DECj)
 21804 | Lair:4   | Found a transporter.
 21827 | Lair:4   | Killed Zossemef's ghost
 22101 | Lair:5   | Entered Level 5 of the Lair of Beasts
 22311 | Lair:5   | Acquired the ring of Umojex {rPois rN++ Str+4 Dex-5}
 22442 | Lair:5   | Reached skill level 10 in Dodging
 22570 | Lair:5   | Got The Last Tome of the Loreminder
 23103 | Lair:5   | Gained mutation: Your flesh is cold resistant. (rC+)
                  | [potion of mutation]
 23103 | Lair:5   | Lost mutation: Your flesh is cold resistant. (rC+) [potion
                  | of mutation]
 23103 | Lair:5   | Gained mutation: Your spells are a little harder to cast,
                  | but a little more powerful. [potion of mutation]
 23138 | Lair:4   | Found a staircase to the Slime Pits.
 23353 | Swamp:1  | Entered Level 1 of the Swamp
 23387 | Swamp:1  | Reached skill level 15 in Fighting
 24718 | Swamp:2  | Reached XP level 16. HP: 135/149 MP: 18/22
 26077 | Swamp:3  | Noticed a thorn hunter
 26102 | Swamp:3  | Killed a thorn hunter
 26408 | Swamp:3  | Found a runed translucent gate.
 26408 | Swamp:3  | Found a runed translucent gate.
 26408 | Swamp:3  | Found a runed translucent gate.
 26456 | Swamp:3  | Noticed shamsi's ghost (adept HOBe)
 26648 | Swamp:3  | Killed shamsi's ghost
 26726 | Swamp:4  | Entered Level 4 of the Swamp
 28749 | Swamp:4  | Identified the +6 leather armour of the Apothecary {rN+++
                  | Will++ Str-5 Dex-3}
 28936 | Swamp:4  | Reached skill level 10 in Invocations
 29001 | Swamp:4  | Reached skill level 15 in Armour
 29426 | Swamp:4  | Noticed the 27-headed Lernaean hydra
 29436 | Swamp:4  | Killed the 27-headed Lernaean hydra
 29654 | Swamp:4  | Got a decaying rune of Zot
 29920 | Spider:1 | Entered Level 1 of the Spider Nest
 30292 | Spider:1 | Reached XP level 17. HP: 156/160 MP: 21/23
 33174 | Spider:3 | Noticed Bai Suzhen
 33201 | Spider:3 | Killed Bai Suzhen
 33738 | Spider:3 | Noticed Nikola
 33756 | Spider:3 | Killed Nikola
 34567 | Spider:4 | Entered Level 4 of the Spider Nest
 35433 | Spider:4 | Reached XP level 18. HP: 173/173 MP: 25/25
 36261 | Spider:4 | Got a gossamer rune of Zot
 36721 | Elf:1    | Entered Level 1 of the Elven Halls
 36884 | Elf:1    | Noticed kalagan's ghost (journeyman DECj)
 37102 | Elf:1    | Found Utynahan's Book Shoppe.
 37175 | Elf:1    | Found a runed translucent gate.
 37175 | Elf:1    | Found a runed translucent gate.
 37177 | Elf:1    | Found a runed translucent gate.
 37649 | Elf:1    | Paralysed by an air elemental for 1 turns
 37656 | Elf:1    | Paralysed by an air elemental for 1 turns
 37660 | Elf:1    | Identified the +0 pair of boots of Enaddyun {rF+}
 38203 | Elf:1    | Noticed Kirke
 38219 | Elf:1    | Killed Kirke
 38313 | Elf:1    | Killed kalagan's ghost
 38334 | Elf:1    | Identified the +0 hat of Leapfrog {Drain Int+8 Stlth-}
 38564 | Elf:2    | Found Ruzxyid's Weapon Emporium.
 38895 | Elf:2    | Paralysed by an air elemental for 1 turns
 38957 | Elf:2    | Identified the +1 leather armour of Xod Yxt {rElec Str+5}
 39074 | Elf:2    | Noticed a Hell Sentinel
 39782 | Elf:2    | Found a runed translucent gate.
 39782 | Elf:2    | Found a runed translucent gate.
 39817 | Elf:2    | Found a runed translucent gate.
 39993 | Elf:3    | Entered Level 3 of the Elven Halls
 40045 | Elf:3    | Found a runed translucent gate.
 40045 | Elf:3    | Found a runed translucent gate.
 40045 | Elf:3    | Found a runed translucent gate.
 40047 | Elf:3    | Noticed Peloso's ghost (adept MiFi)
 40052 | Elf:3    | Found a viscous altar of Jiyva.
 40633 | Elf:3    | Identified the +1 plate armour of Least Resistance {Int+2}
 40661 | Abyss:2  | Cast into level 2 of the Abyss (+3 mace of distortion)
 40702 | Abyss:2  | Found a corrupted altar of Lugonu.
 40732 | Abyss:2  | Reached XP level 19. HP: 176/185 MP: 26/26
 40962 | Abyss:2  | Found a corrupted altar of Lugonu.
 41031 | Abyss:3  | Gained mutation: You are dopey. (Int -2) [a cacodemon]
 41032 | Abyss:3  | Lost mutation: Your spells are a little harder to cast, but
                  | a little more powerful. [a cacodemon]
 41163 | Abyss:3  | Gained mutation: Your magical capacity is low. (-10% MP) [a
                  | neqoxec]
 41195 | Abyss:3  | Found a corrupted altar of Lugonu.
 41364 | Abyss:3  | Paralysed by accursed screaming for 1 turns
 41567 | Elf:3    | Escaped the Abyss
 41820 | Elf:3    | Paralysed by an air elemental for 1 turns
 41825 | Elf:3    | Paralysed by an air elemental for 1 turns
 41941 | Elf:3    | Paralysed by an air elemental for 1 turns
 41946 | Elf:3    | Paralysed by an air elemental for 1 turns
 41949 | Elf:3    | Paralysed by an air elemental for 1 turns
 42463 | Elf:3    | Identified the ring "Lurilibb" {rC+ MP+9 SInv}
 43047 | Elf:3    | Identified the +7 long sword of the Illusory Nightcaps
                  | {venom, *Rage Dex+7}
 43342 | Elf:3    | Identified the staff of poison "Qechok" {rPois rC+ Str+3
                  | Dex+2 SInv}
 43345 | Elf:3    | Found the +1 cloak of Starlight {*Dazzle EV+4 Stlth--}
 43346 | Elf:3    | Identified the staff of death "Yraocluc" {rF+ rN+ Str+2}
 43347 | Elf:3    | Identified the staff of poison "Uklurhuf" {rPois rF+++
                  | Int+5 Dex-2 Stlth+}
 43526 | Elf:3    | Killed Peloso's ghost
 43549 | Elf:2    | HP: 7/189 [deep elf knight/+1 long sword of holy wrath (7)]
 44130 | D:15     | Entered Level 15 of the Dungeon
 44282 | D:15     | Noticed Josephine
 44290 | D:15     | Killed Josephine
 44499 | D:15     | Reached skill level 27 in Axes
 44746 | D:15     | Found a staircase to the Depths.
 45075 | Depths:1 | Entered Level 1 of the Depths
 45112 | D:15     | Reached XP level 20. HP: 45/198 MP: 4/25
 45401 | D:15     | Lost mutation: Your magical capacity is low. (-10% MP)
                  | [potion of mutation]
 45401 | D:15     | Lost mutation: You are dopey. (Int -2) [potion of mutation]
 45401 | D:15     | Gained mutation: Your body sometimes deteriorates upon
                  | taking damage. [potion of mutation]
 45401 | D:15     | Gained mutation: Your body often deteriorates upon taking
                  | damage. [potion of mutation]
 45401 | D:15     | Gained mutation: You are resistant to electric shocks.
                  | (rElec) [potion of mutation]
 45402 | D:15     | Lost mutation: You are resistant to electric shocks.
                  | (rElec) [potion of mutation]
 45402 | D:15     | Lost mutation: Your body often deteriorates upon taking
                  | damage. [potion of mutation]
 45402 | D:15     | Gained mutation: You are robust. (+10% HP) [potion of
                  | mutation]
 45402 | D:15     | Gained mutation: Armour fits poorly on your strangely
                  | shaped body. [potion of mutation]
 45402 | D:15     | Gained mutation: You have sharp fingernails. [potion of
                  | mutation]
 45403 | D:15     | Lost mutation: You are robust. (+10% HP) [potion of
                  | mutation]
 45403 | D:15     | Lost mutation: Armour fits poorly on your strangely shaped
                  | body. [potion of mutation]
 45403 | D:15     | Lost mutation: Your body sometimes deteriorates upon taking
                  | damage. [potion of mutation]
 45403 | D:15     | Gained mutation: You possess an exceptional clarity of
                  | mind. [potion of mutation]
 45403 | D:15     | Gained mutation: Your system is resistant to poisons.
                  | (rPois) [potion of mutation]
 45403 | D:15     | Gained mutation: You are clumsy. (Dex -2) [potion of
                  | mutation]
 45801 | Depths:1 | Found the +5 Storm Queen's Shield {shock, Fly rElec}
 45805 | Depths:1 | Noticed a golden dragon
 46102 | Depths:1 | Killed a golden dragon
 46564 | Depths:1 | Found a gateway to Hell.
 46687 | Depths:1 | Found a one-way gate to the infinite horrors of the Abyss.
 46727 | Depths:1 | Found Zin's Purification Station.
 46732 | Depths:1 | Found a glowing silver altar of Zin.
 46826 | Depths:1 | Identified the +1 dagger of Wyrd {holy, Str+6 Int+3}
 47013 | Depths:1 | You fall into a shaft and drop 1 floor!
 47152 | Depths:2 | Found a one-way gate leading to the halls of Pandemonium.
 47273 | Depths:2 | Noticed Asterion
 47284 | Depths:2 | Killed Asterion
 47583 | Depths:2 | Identified the +1 robe of Contentment {rPois rF- rC+ Will+}
 49268 | Depths:3 | Noticed a juggernaut
 49277 | Depths:3 | Killed a juggernaut
 50437 | Depths:3 | Found a one-way gateway to a ziggurat.
 50627 | Depths:4 | Entered Level 4 of the Depths
 50647 | Depths:4 | Noticed a caustic shrike
 50649 | Depths:4 | Reached XP level 21. HP: 105/213 MP: 20/29
 51109 | Depths:4 | Noticed a caustic shrike
 51113 | Depths:4 | Noticed a caustic shrike
 51116 | Depths:4 | Killed a caustic shrike
 51123 | Depths:3 | Killed a caustic shrike
 51216 | Depths:3 | Killed a caustic shrike
 51642 | Hell     | Entered the Vestibule of Hell
 51642 | Hell     | Noticed Geryon
 51655 | Hell     | Killed Geryon
 53763 | Hell     | Found a gateway to the freezing wastes of Cocytus.
 53786 | Hell     | Found a gateway to the ashen valley of Gehenna.
 54270 | Hell     | Found a gateway to the decaying netherworld of Tartarus.
 54678 | Hell     | Paralysed by a wendigo for 1 turns
 55322 | Hell     | Found a gateway to the Iron City of Dis.
 55468 | Tar:1    | Entered Level 1 of Tartarus
 55493 | Tar:1    | Noticed a profane servitor
 55505 | Tar:1    | Killed a profane servitor
 55692 | Tar:2    | Noticed a profane servitor
 55695 | Tar:2    | Noticed a profane servitor
 57310 | Depths:4 | Reached XP level 22. HP: 192/228 MP: 20/31
 57315 | Abyss:3  | Cast into level 3 of the Abyss (hell knight)
 57403 | Abyss:3  | Got an abyssal rune of Zot
 57965 | Abyss:3  | Found a glowing golden altar of the Shining One.
 57965 | Abyss:3  | Found a glowing golden altar of the Shining One.
 57971 | Abyss:3  | Reached skill level 15 in Dodging
 57971 | Abyss:3  | Found a glowing golden altar of the Shining One.
 57979 | Depths:4 | Escaped the Abyss
 58077 | Depths:4 | Identified the +1 chain mail of the Unbroken {rPois}
 58531 | Depths:4 | Found a gate to the Realm of Zot.
 58801 | Depths:4 | Noticed a caustic shrike
 58802 | Depths:4 | Noticed a caustic shrike
 58805 | Depths:4 | Killed a caustic shrike
 58806 | Depths:4 | Noticed a caustic shrike
 58811 | Depths:4 | Killed a caustic shrike
 58811 | Depths:4 | Killed a caustic shrike
 59318 | Vaults:1 | Entered Level 1 of the Vaults
 59338 | Vaults:1 | Reached skill level 27 in Fighting
 60060 | Vaults:1 | Identified the +10 whip of the Tooth {speed, rN++ SInv}
 60794 | Vaults:2 | Found Icvum's Antique Armour Shop.
 60804 | Vaults:2 | Found Noeduxted's General Store.
 61183 | Vaults:2 | Found Pourowez's Magic Scroll Boutique.
 61189 | Vaults:2 | Bought a scroll of acquirement for 988 gold pieces
 61189 | Vaults:2 | Bought a scroll of acquirement for 988 gold pieces
 61190 | Vaults:2 | Acquired the +8 orange crystal plate armour {Archmagi,
                  | Int+3 Clar}
 61190 | Vaults:2 | Found the +8 orange crystal plate armour {Archmagi, Int+3
                  | Clar}
 61207 | Vaults:2 | Acquired 737 gold pieces
 61333 | Vaults:2 | Reached XP level 23. HP: 230/240 MP: 30/33
 61350 | Vaults:2 | Noticed Frederick
 61359 | Vaults:2 | Killed Frederick
 62153 | Vaults:2 | Noticed Margery
 62167 | Vaults:2 | Killed Margery
 62394 | Vaults:2 | Found Azxoer's Assorted Antiques.
 62487 | Vaults:2 | Found Suyry's Jewellery Boutique.
 62605 | Vaults:3 | Found a flickering gateway to a bazaar.
 62612 | Bazaar   | Entered a bazaar
 62614 | Bazaar   | Found Biazedewn's Antique Weapon Boutique.
 62618 | Bazaar   | Found Ryotuim's Armour Boutique.
 62618 | Bazaar   | Found Kisuab's General Store.
 62619 | Bazaar   | Found Vegee's Armour Boutique.
 62629 | Bazaar   | Bought the +1 pair of gloves of Inaction {rElec Int+3 SInv}
                  | for 442 gold pieces
 62955 | Vaults:3 | Identified the +7 great sword of a Billion Towns {heavy,
                  | rC+ Str+3}
 63201 | Vaults:3 | Reached skill level 15 in Invocations
 63221 | Vaults:3 | Noticed Saint Roka
 63748 | Vaults:3 | Identified the +7 dagger of the Conjuring Bear {speed, rF+
                  | Will- Int+5}
 64223 | Vaults:3 | Killed Saint Roka
 64569 | Vaults:3 | Found a staircase to the Crypt.
 65302 | Vaults:4 | Found Binosir's Assorted Antiques.
 66071 | Vaults:5 | Entered Level 5 of the Vaults
 66460 | Vaults:5 | Reached skill level 27 in Armour
 66530 | Vaults:5 | Reached XP level 24. HP: 249/249 MP: 33/33
 66547 | Vaults:5 | Identified the +6 glaive "Akluockil" {flame, rC- rCorr
                  | Str+3}
 66741 | Vaults:5 | Identified the staff of fire "Wielik Xaunn" {Fragile rF+
                  | rN+ Str+5 Dex-5}
 66760 | Vaults:5 | Got the Tome of Sculpting
 66766 | Vaults:5 | Got a silver rune of Zot
 66784 | Vaults:5 | Identified the +7 broad axe of Wann {protect, Will+ MP-9
                  | Dex+4}
 66802 | Vaults:5 | Identified the +2 scimitar "Hafaijir" {flame, Will+++
                  | Stlth+}
 66889 | Vaults:5 | Noticed a dread lich
 66898 | Vaults:5 | Killed a dread lich
 67093 | Vaults:5 | Identified the +0 buckler of Wil Liog {Dex+4}
 67100 | Vaults:5 | Identified the staff of cold "Poaquopp" {rC+ rCorr Int+5
                  | Dex-5}
 67218 | Vaults:5 | Identified the +3 leather armour of Pipnun {rElec Stlth+}
 68396 | Crypt:1  | Entered Level 1 of the Crypt
 69626 | Crypt:2  | Reached XP level 25. HP: 230/257 MP: 31/35
 70320 | Crypt:3  | Entered Level 3 of the Crypt
 70795 | Crypt:3  | Noticed an ancient lich
 70802 | Crypt:3  | Identified the amulet of Haneafeu {Spirit rPois rN+ Dex+2
                  | SInv}
 70802 | Crypt:3  | Noticed an ancient lich
 70803 | Crypt:3  | Noticed a dread lich
 70808 | Crypt:3  | Killed an ancient lich
 70817 | Crypt:3  | Killed an ancient lich
 70819 | Crypt:3  | Killed a dread lich
 70962 | Crypt:3  | Got Sif Muna's Compendium of the Figure and the Xenolith
 70963 | Crypt:3  | Identified the staff of cold "Huca Zuk" {Drain rF++ rC+
                  | Int+5}
 71281 | Crypt:3  | Found a staircase to the Tomb.
 71636 | Tomb:1   | Entered Level 1 of the Tomb of the Ancients
 72750 | Tomb:1   | Noticed a royal mummy
 72757 | Tomb:1   | Noticed a royal mummy
 72761 | Tomb:1   | Killed a royal mummy
 72762 | Tomb:1   | Noticed a royal mummy
 72768 | Tomb:1   | Killed a royal mummy
 72781 | Tomb:1   | Killed a royal mummy
 72803 | Tomb:1   | Noticed a royal mummy
 75866 | Tar:3    | You fall into a shaft and drop 1 floor!
 76434 | Tar:5    | Reached XP level 26. HP: 208/254 MP: 37/37
 77357 | Tar:7    | Entered Level 7 of Tartarus
 80986 | Tar:7    | Found the +5 robe of Night {Dark Will+ SInv}
 81010 | Tar:7    | Identified the ring "Jocomeh" {Str+3 Dex+6}
 81126 | Tar:7    | Noticed Ereshkigal
 81139 | Tar:7    | Killed Ereshkigal
 83141 | Tar:7    | Got a bone rune of Zot
 83150 | Tar:7    | Identified the +1 leather armour of Minor Irritation {-Tele
                  | rPois rC+ Int+3}
 83744 | Tar:7    | Identified the staff of poison "Gewo Zuc" {rPois Str+5
                  | Int-3}
 84155 | Zot:1    | Entered Level 1 of the Realm of Zot
 84627 | Zot:1    | Reached XP level 27. HP: 273/273 MP: 39/39
 84750 | Zot:1    | Paralysed by you for 3 turns
 84876 | Zot:1    | Identified the staff of death "Iniddo" {rN+ Dex+3}
 86061 | Zot:2    | Reached skill level 27 in Invocations
 86113 | Zot:2    | Reached skill level 1 in Earth Magic
 86117 | Zot:2    | Reached skill level 1 in Evocations
 86709 | Zot:3    | Reached skill level 1 in Unarmed Combat
 87061 | Zot:3    | Reached skill level 1 in Short Blades
 88914 | Zot:4    | Found the +4 dragonskin cloak
 88914 | Zot:4    | Identified the amulet "Nuad" {Reflect rN+ Int+4 SH+5}
 88914 | Zot:4    | Noticed Tiamat
 88952 | Zot:4    | Killed Tiamat
 89217 | Zot:4    | Identified the +10 hand crossbow "Laemne" {freeze, Str+2}
 89774 | Zot:4    | Acquired 1072 gold pieces
 89779 | Zot:5    | Entered Level 5 of the Realm of Zot
 91108 | Zot:5    | Noticed an ancient lich
 91119 | Zot:5    | Killed an ancient lich
 91190 | Zot:5    | Noticed a dread lich
 91223 | Zot:5    | Noticed an orb of fire
 91227 | Zot:5    | Gained mutation: You do not regenerate when monsters are
                  | visible. [an orb of fire]
 91232 | Zot:5    | Lost mutation: You possess an exceptional clarity of mind.
                  | [an orb of fire]
 91242 | Zot:5    | Killed an orb of fire
 91251 | Zot:5    | Killed a dread lich
 91281 | Zot:5    | Lost mutation: You do not regenerate when monsters are
                  | visible. [potion of mutation]
 91281 | Zot:5    | Lost mutation: You have sharp fingernails. [potion of
                  | mutation]
 91281 | Zot:5    | Gained mutation: You are resistant to electric shocks.
                  | (rElec) [potion of mutation]
 91281 | Zot:5    | Gained mutation: You possess an exceptional clarity of
                  | mind. [potion of mutation]
 91850 | Zot:5    | Noticed an orb of fire
 91857 | Zot:5    | Gained mutation: You are very clumsy. (Dex -4) [an orb of
                  | fire]
 91858 | Zot:5    | Lost mutation: You are very clumsy. (Dex -4) [an orb of
                  | fire]
 91863 | Zot:5    | Gained mutation: Potions are less effective at restoring
                  | your health. [an orb of fire]
 91863 | Zot:5    | Noticed an ancient lich
 91864 | Zot:5    | Noticed a dread lich
 91866 | Zot:5    | Gained mutation: You have hidden genetic defects. [an orb
                  | of fire]
 91869 | Zot:5    | Gained mutation: You are very clumsy. (Dex -4) [an orb of
                  | fire]
 91875 | Zot:5    | Killed an orb of fire
 92381 | Zot:5    | Lost mutation: Potions are less effective at restoring your
                  | health. [mutagenic glow]
 92412 | Zot:5    | Killed an ancient lich
 92425 | Zot:5    | Gained mutation: You expend magic power (3 MP) to
                  | strengthen your wands. [mutagenic glow]
 92438 | Zot:5    | Killed a dread lich
 92630 | Zot:5    | Got the Orb of Zot
 93078 | Depths:1 | Identified the +0 tower shield "Irphere" {rC+ Str+4}
 93107 | Depths:1 | Gained mutation: You are occasionally teleported next to
                  | monsters. [hidden defects]
 93190 | D:15     | Gained mutation: You are dopey. (Int -2) [a neqoxec]
 93346 | D:10     | Reached skill level 27 in Dodging
 93377 | D:10     | Killed Plommelars's ghost
 93826 | D:1      | Noticed Guhar the pandemonium lord
 93854 | D:$      | Escaped with the Orb!

Illustrated notes

Levels and vault maps discovered:
D:1:      heliophobic_arrival_henge, layout_rooms, chequers_jeans,
          nicolae_grassy_gnolls
D:2:      minmay_alternating_diamond, layout_basic
D:3:      layout_basic, ebering_ecumenical_altar_rust
D:4:      layout_basic, fedhas_altar_decomposition,
          mainiacjoe_overflow_six_doors_small, lightli_sewer_entry_pipes
D:5:      layout_basic, corexii_corridor_pit
D:6:      layout_basic, kennysheep_windowed_goal
D:7:      layout_basic, mainiacjoe_overflow_small_starburst,
          mainiacjoe_overflow_catch_the_wave, lemuel_temple_firewalk_b
D:8:      layout_layer_cave, serial_shops, nicolae_shop_window_shopping,
          chequers_ossuary_entry_cave, grunt_decor_mini_mirrors
D:9:      layout_basic, biasface_ghost_orc_armoury, minmay_crystal_room,
          nrook_mini_vaults
D:10:     layout_stronghold, nzn_ghost_randoct, minivault_16, uniq_grum
D:11:     minmay_ornate_pinched, layout_gridville, erik_lair_orcish_takeover,
          hiddenorc2_lemuel, nicolae_underground_beach
D:12:     layout_basic, uniq_psyche
D:13:     layout_loops_ring, dancing_weapons_uskayaw
D:14:     minmay_clustersquares, layout_basic, grunt_vaults_entry_tiered,
          lemuel_blue_sif_altar, serial_shops, shop, uniq_jorgrun
D:15:     grunt_enter_depths_hoard, layout_small_grid, uniq_josephine
Temple:   hellmonk_temple_divided_pantheon
Lair:1:   layout_cave_pods, uniq_nergalle
Lair:2:   layout_regular_city, spider_nest_entry_rubble
Lair:3:   minmay_lair_oklob_tunnel, layout_regular_city,
          nicolae_swamp_entry_splash_gauntlet, infiniplex_staircase_pool_2,
          lemuel_fruit_fields, serial_bayou_shore_b
Lair:4:   layout_gridlike, slime_entry_1, gammafunk_ghost_arena, uniq_urug
Lair:5:   grunt_lair_end_beastmaster, layout_loops_ring
Swamp:1:  layout_basic_swamp, nicolae_swamp_tree_isthmus
Swamp:2:  layout_falls_marsh, evilmike_swamp_ruin_rubble_1, swamp_pool4
Swamp:3:  layout_basic_swamp, ebering_ghost_rock_garden,
          evilmike_swamp_ruin_house_4
Swamp:4:  grunt_swamp_rune_castle, layout_basic_swamp
Spider:1: layout_spider_delve
Spider:2: spiders_nest_a
Spider:3: layout_cave_pods, portal_ice_cave_entry_pillars_1, uniq_bai_suzhen,
          uniq_nikola
Spider:4: floodkiller_spider_rune_tomb
Orc:1:    layout_caves, basic_altar
Orc:2:    kennysheep_orc_mage_school, layout_diamond_mine, basic_altar
Elf:1:    minmay_elf_arrival_summoners, layout_loops_corners, serial_shops,
          shop, gammafunk_ghost_split, minmay_elf_necromancy, minivault_4,
          lemuel_upstairs_altar, uniq_kirke
Elf:2:    elven_hall_of_blades_hangedman_original [nicolae_blade_bullseye],
          layout_rooms, serial_shops, shop
Elf:3:    minmay_elf_hall_dome, layout_geoelf_grid, gammafunk_ghost_ooze,
          roderic_roman_lattice, minmay_misc_feat_pillars,
          nicolae_elf_loose_elemental_storage
Vaults:1: vaults_room_pool, nicolae_vaults_weapon_check, hangedman_vaults_slice,
          v_misc_5, nicolae_vaults_specimen_jars, vaults_standard_mumra_x,
          nicolae_vaults_stairing_the_circle, grunt_vaults_hallway_short,
          hangedman_vaults_variations, nicolae_vaults_trapezoid_lopsided_2,
          nicolae_vaults_trapezoid_2, layout_vaults_maze_bifur
Vaults:2: v_misc_3, nicolae_vaults_gold_heap, hangedman_vaults_unwind,
          nicolae_vaults_tetromino_L_2, nicolae_vaults_circle_grid_b,
          ontoclasm_vaults_ring_square, serial_ice_g, v_misc_27,
          vaults_room_door_ring, v_alt_pattern_6, hangedman_vaults_cutoff,
          nicolae_vaults_sesquioval_fish, v_misc_14, layout_vaults_omnibox,
          serial_shops, nicolae_shop_tiny_waterfront, shop,
          nicolae_shop_behind_doors, nicolae_shop_tiny_waterfront,
          nicolae_shop_hallway_plus, uniq_margery, uniq_frederick
Vaults:3: vaults_mumra_hex, nicolae_vaults_offset_grid_hallway_3,
          blue_anna_dwarven_crypt, nicolae_vaults_shrinking_rooms_1,
          nicolae_vaults_circle_grid_b, vaults_room_corners,
          hangedman_vaults_trim, ontoclasm_vaults_ligature,
          nicolae_vaults_doubleplus_tesselated, hangedman_vaults_corner_blocks,
          ontoclasm_vaults_ring_small, vaults_dpeg_spiral,
          nicolae_vaults_security_offices_2, v_alt_pattern_1,
          layout_vaults_omnicross, serial_shops, bzr_entry_road, uniq_saint_roka
Vaults:4: nicolae_vaults_triangles, nicolae_vaults_two_Ls,
          nicolae_vaults_stepped_doors, nicolae_vaults_circle_grid_a,
          nicolae_vaults_diamond_2, nicolae_vaults_shelves_hall,
          nicolae_vaults_heart-shaped_vault, layout_vaults_omnigrid,
          serial_shops, nicolae_shop_overgrown_old_shop
Vaults:5
Crypt:1:  minmay_skeleton_keep, layout_regular_city
Crypt:2:  layout_gridlike
Crypt:3:  david_glass_crypt, layout_misc_corridors, tomb_entry_simple_bobbens,
          st_stairs_5, lemuel_nasty_fountain
Tomb:1
Depths:1: hourglass_vault, layout_gridville, hangedman_abyss_entry_splay,
          rand_demon_pan_entry_9, hangedman_decor_slide_cut,
          grunt_hell_entry_dis_mu, zin_purify
Depths:2: minmay_isolated_rectangles_in_corner, layout_gridlike, pf_coc_iceberg,
          pan_entry, serial_bayou_pond_a, minmay_staircase_windowed_large,
          serial_bayou_shore_b, uniq_asterion, uniq_josephina
Depths:3: hangedman_arrow_trap, layout_cross, enter_ziggurat_a,
          grunt_hell_entry_demonic_statue, marbit_kobold_abyss_entry
Depths:4: grunt_zot_entry_alcove, layout_twisted_cross, hell_entry,
          kennysheep_random_hallway
Hell
Tar:1:    layout_cathedral_of_symmetry
Tar:2:    layout_grid_maze, nicolae_tar_cuneiform_to_be
Tar:3:    layout_honeycomb
Tar:4:    layout_cathedral_of_symmetry
Tar:5:    layout_grid_maze
Tar:6:    layout_honeycomb
Tar:7:    tar_minmay_river
Zot:1:    gammafunk_mikee_crab_dinner, layout_misc_corridors,
          hangedman_elemental_grid_stream
Zot:2:    layout_cathedral_of_symmetry, hangedman_zot_diagonal_lockstep
Zot:3:    layout_basic, grunt_megastairs_4
Zot:4:    layout_misc_corridors, st_stairs_11, st_grand_hoard_of_tiamat
Zot:5:    layout_misc_corridors

Skill      XL: |  1  2  3  4  5  6  7  8  9 10 11 12 13 14 15 16 17 18 19 20 21 22 23 24 25 26 27 |
---------------+----------------------------------------------------------------------------------+-----
Fighting       | 4 5 7 8 9 10 11 12 14 15 16 18 20 21 23 25 27 | 27.0
Armour         | 4 5 6 7 8 9 11 12 13 15 16 17 18 20 22 24 27 | 27.0
Dodging        | 1 2 3 4 5 6 7 8 9 10 11 12 13 14 15 16 18 19 20 27 | 27.0
Axes           | 3 4 6 7 9 11 13 16 18 19 21 23 24 25 26 27 | 27.0
Invocations    | 1 2 3 4 5 6 7 8 9 10 11 12 13 14 15 19 23 26 27 | 27.0
Earth Magic    | 1 |  1.1
Evocations     | 4 |  4.8
Unarmed Combat | 1 |  1.8
Short Blades   | 1 |  1.1
Long Blades    | |  0.8
Staves         | |  0.9
Ranged Weapons | |  0.3
Throwing       | |  0.6
Shields        | |  3.6
Spellcasting   | |  0.5
Conjurations   | |  0.4
Hexes          | |  0.1
Summonings     | |  0.5
Necromancy     | |  0.6
Translocations | |  0.4
Transmutations | |  0.7
Fire Magic     | |  0.3
Ice Magic      | |  0.3
Air Magic      | |  0.2
Poison Magic   | |  0.8

Action                     |  1- 3 |  4- 6 |  7- 9 | 10-12 | 13-15 | 16-18 | 19-21 | 22-24 | 25-27 || total
---------------------------+-------+-------+-------+-------+-------+-------+-------+-------+-------++-------
  Melee: War axe           |    85 |   261 |   238 |       |       |       |       |       |       ||   584
         Headbutt          |    12 |    20 |    55 |    73 |   167 |   222 |   355 |   391 |   496 ||  1791
         Battleaxe         |       |       |    70 |    16 |       |       |       |       |       ||    86
         Executioner's axe |       |       |       |   323 |   700 |   936 |  1099 |  1199 |  1532 ||  5789
 Invoke: Divine Shield     |       |       |       |     1 |     5 |     5 |    12 |     7 |    13 ||    43
         Brand Weapon With |       |       |       |       |     1 |       |       |       |       ||     1
         Cleansing Flame   |       |       |       |       |       |     3 |     9 |     7 |    16 ||    35
         Summon Divine War |       |       |       |       |       |     3 |     4 |     2 |    10 ||    19
  Evoke: Wand              |       |       |       |       |     1 |     3 |       |     1 |     7 ||    12
         Phantom mirror    |       |       |       |       |       |       |     1 |       |       ||     1
    Use: Scroll            |     2 |     1 |    11 |    14 |     9 |     2 |     8 |     4 |    18 ||    69
         Potion            |       |     1 |     2 |     3 |     5 |     6 |    14 |     5 |    11 ||    47
 Armour: Scale mail        |    34 |   117 |    95 |       |       |       |       |       |       ||   246
         Plate armour      |       |       |    71 |   210 |   472 |   753 |   687 |   184 |       ||  2377
         Crystal plate arm |       |       |       |       |       |       |       |   610 |  1378 ||  1988
  Dodge: Dodged            |    52 |   140 |   118 |   177 |   365 |   646 |   654 |   641 |  1004 ||  3797
  Block: Buckler           |    32 |    55 |    59 |       |       |       |       |       |       ||   146
         Other             |       |       |       |     4 |    19 |    19 |   118 |    93 |   255 ||   508
